 Dungeon Crawl Stone Soup version 0.30-a0-34-gbe8da3892a (webtiles) character file.

Game seed: 9213803978248908773

24 porpoise the Poker (level 3, 0/29 HPs)
             Began as a Merfolk Gladiator on Aug 27, 2022.
             Killed from afar by Terence (7 damage)
             ... with a puff of flame
             ... on level 2 of the Dungeon.
             The game lasted 00:02:11 (1390 turns).

porpoise the Poker (Merfolk Gladiator)              Turns: 1390, Time: 00:02:11

Health: 0/29       AC:  8    Str: 15    XL:     3   Next: 2%
Magic:  3/3        EV: 12    Int:  6    God:
Gold:   54         SH:  0    Dex: 19    Spells: 2/2 levels left

rFire   . . .      SeeInvis .    a - +0 trident
rCold   . . .      Faith    .    (no shield)
rNeg    . . .      Spirit   .    i - +0 ring mail
rPois   .          Reflect  .    c - +0 helmet
rElec   .          Harm     .    (no cloak)
rCorr   .          Rampage  .    (no gloves)
Will    .....                    (no boots)
Stlth   +.........               (no amulet)
HPRegen 0.09/turn                (no ring)
MPRegen 0.08/turn                (no ring)

@: no status effects
A: (nimble swimmer 2), mertail, iridescent scales 1, agile 1, deterioration 1
a: no special abilities


You were on level 2 of the Dungeon.
You visited 1 branch of the dungeon, and saw 2 of its levels.

You collected 54 gold pieces.

Inventory:

Hand Weapons
 a - a +0 trident (weapon)
Missiles
 d - 3 throwing nets (quivered)
 e - a javelin
Armour
 c - a +0 helmet (worn)
 i - a +0 ring mail (worn)
Jewellery
 f - a ring of protection from cold
Scrolls
 g - 3 scrolls of identify {unknown}
 j - a scroll of fear {unknown}
 l - 3 scrolls of teleportation {unknown}
Potions
 b - a potion of mutation
 h - a potion of might {unknown}
 k - a potion of flight {unknown}
 m - a potion of curing {unknown}


   Skills:
 + Level 3.0 Fighting
 + Level 4.8 Polearms
 - Level 2.0 Throwing
 - Level 4.0 Dodging


You had 2 spell levels left.
You didn't know any spells.
Your spell library contained the following spells:

 Spells                   Type           Power      Damage    Failure   Level
 Dazzling Flash           Conj/Hex       0%         N/A       96%         3
 Iskenderun's Mystic Bla  Conj/Tloc      0%         2d3       100%        4
 Starburst                Conj/Fire      0%         6d3       100%        6


Dungeon Overview and Level Annotations

Branches:
Dungeon (2/15)

Altars:

Shops:
D:2 :

Annotations:
D:2 Terence


Innate Abilities, Weirdness & Mutations

((You are very nimble when in or above water. (Stealth+, EV+, Speed+++)))
Your lower body shifts to a powerful aquatic tail in water.
You are partially covered in iridescent scales. (AC +2)
You are agile. (Dex +4, Str/Int -1)
Your body sometimes deteriorates upon taking damage.


Message History

Terence shouts!
You see here a scroll labelled HEUGOTW KEOF.
Terence zaps a wand.
The puff of flame hits you!
You see here a scroll labelled HEUGOTW KEOF.
l - 3 scrolls labelled HEUGOTW KEOF (gained 1)
You reach to attack!
You hit Terence but do no damage.
Terence zaps a wand.
The puff of flame hits you.
You reach to attack!
You barely miss Terence.
Terence zaps a wand.
The puff of flame hits you!
* * * LOW HITPOINT WARNING * * *
Terence misses you.
You are too injured to fight recklessly!
You are too injured to fight recklessly!
You are too injured to fight recklessly!
You are too injured to fight recklessly!
It was a potion of mutation.
You feel extremely strange.
You feel agile.
Iridescent scales grow over part of your body.
You feel yourself wasting away.
Terence zaps a wand.
The puff of flame misses you.
You puncture Terence!
Terence is heavily wounded.
Terence hits you but does no damage.
You hit Terence but do no damage.
Terence is heavily wounded.
Terence hits you with a +0 hand axe.
* * * LOW HITPOINT WARNING * * *
You puncture Terence!
Terence is almost dead.
Terence barely misses you.
You hit Terence.
Terence is almost dead.
Terence misses you.
You closely miss Terence.
Terence is almost dead.
Terence misses you.
You hit Terence.
Terence is almost dead.
Terence zaps a wand.
The puff of flame hits you!
You die...

##...## #.###.####
##.....##.# ##...#
##........## ##..#
#..........## ##...#
+..[........###...##
#......†..##.#....#
#.......####<#.#.#
##.....## #####.#
##@..## #.#
......@..## #.#
.#.#####.# .# #.# ..
#.# ... ... ...#


You could see Terence.

Vanquished Creatures
  A worm (D:2)
  A bat (D:1)
  2 endoplasms (D:1)
  2 giant cockroaches
  2 goblins (D:1)
  4 hobgoblins (D:1)
  A quokka (D:1)
  3 frilled lizards
  A kobold (D:1)
  2 rats
19 creatures vanquished.

Notes
Turn   | Place    | Note
-------+----------+-------------------------------------------
     0 | D:1      | porpoise the Merfolk Gladiator began the quest for the Orb.
     0 | D:1      | Reached XP level 1. HP: 16/16 MP: 1/1
   173 | D:1      | Reached XP level 2. HP: 21/23 MP: 2/2
   971 | D:2      | Found Dedilial's Book Boutique.
  1155 | D:2      | Reached XP level 3. HP: 29/29 MP: 3/3
  1376 | D:2      | Noticed Terence
  1384 | D:2      | Gained mutation: You are agile. (Dex +4, Str/Int -1)
                  | [potion of mutation]
  1384 | D:2      | Gained mutation: You are partially covered in iridescent
                  | scales. (AC +2) [potion of mutation]
  1384 | D:2      | Gained mutation: Your body sometimes deteriorates upon
                  | taking damage. [potion of mutation]
  1390 | D:2      | Killed from afar by Terence

Illustrated notes

Levels and vault maps discovered:
D:1:      minmay_arrival_radiant_lines, layout_basic, hangedman_decor_points,
          lemuel_old_faithful
D:2:      layout_loops_corners, serial_shops, shop, grunt_decor_mini_mirrors,
          uniq_terence

Skill      XL: |  1  2 |
---------------+-------+-----
Fighting       | 3 |  3.0
Polearms       | |  4.8
Throwing       | |  2.0
Dodging        | |  4.0

Action                   || total
-------------------------++-------
Melee: Trident           ||    55
  Use: Potion            ||     1
Armor: Leather armour    ||     2
       Ring mail         ||     5
Dodge: Dodged            ||    18

Table legend: (Time is in decaauts)
 A = Elapsed time spent in this place.
 B = Non-inter-level travel time spent in this place.
 C = Inter-level travel time spent in this place.
 D = Time resting spent in this place.
 E = Time spent auto-exploring this place.
 F = Levels seen in this place.
 G = Mean time per level.
                   A        B        C        D        E       F      G
               +--------+--------+--------+--------+--------+-----+--------+
         Total |   1389 |   1350 |     39 |      0 |   1187 |   2 |  694.5 |
       Dungeon |   1389 |   1350 |     39 |      0 |   1187 |   2 |  694.5 |
               +--------+--------+--------+--------+--------+-----+--------+

Top non-repeatable levels by time:
     D:1: 952 daAuts
     D:2: 437 daAuts
